 Dungeon Crawl Stone Soup version 0.14-a0-59-gd5eeb80 (webtiles) character file.

249 Sachiko the Ruffian (level 4, -1/44 HPs)
             Began as a Troll Monk on Sept 30, 2013.
             Slain by Prince Ribbit (17 damage)
             ... on Level 4 of the Dungeon.
             The game lasted 00:05:41 (2393 turns).

Sachiko the Ruffian (Troll Monk)                    Turns: 2393, Time: 00:05:42

HP  -1/44        AC  5     Str 19      XL: 4   Next: 95%
MP   1/1         EV 10     Int  7      God:
Gold 115         SH  0     Dex 12      Spells:  0 memorised,  3 levels left

Res.Fire  : . . .   See Invis. : .     - Unarmed
Res.Cold  : . . .   Warding    : .   a - +0 robe
Life Prot.: . . .   Conserve   : .   (shield restricted)
Res.Poison: .       Res.Corr.  : .   (helmet restricted)
Res.Elec. : .       Clarity    : .   (no cloak)
Sust.Abil.: + .     Spirit.Shd : .   (gloves unavailable)
Res.Mut.  : .       Stasis     : .   (boots unavailable)
Res.Rott. : .       Flight     : .   (no amulet)
Gourmand  : +                        (no ring)
                                     f - ring of sustain abilities {unknown}

@: slightly resistant to hostile enchantments, unstealthy
A: unfitting armour, claws 3, fast metabolism 3, gourmand, regeneration 2,
saprovore 2, tough skin 2, AC +1
a: no special abilities


You were on level 4 of the Dungeon.
You were very full.

You visited 1 branch of the dungeon, and saw 4 of its levels.

You collected 115 gold pieces.

Inventory:

Armour
 a - a +0 robe (worn)
Magical devices
 g - a wand of digging (13) {unknown}
Comestibles
 b - 2 meat rations
 c - a bread ration
 h - a rotting chunk of bat flesh
 i - a rotting chunk of bat flesh
 j - a rotting chunk of giant cockroach flesh
 l - a rotting chunk of rat flesh
 m - 2 chunks of quokka flesh
 n - a chunk of rat flesh
Scrolls
 d - a scroll of remove curse
 e - 3 scrolls of random uselessness
Jewellery
 f - a ring of sustain abilities (left claw) {unknown}
Potions
 k - a potion of heal wounds


   Skills:
 + Level 2.8 Fighting
 + Level 2.8 Dodging
 - Level 1.1 Stealth
 * Level 5.7 Unarmed Combat


You had 3 spell levels left.
You didn't know any spells.

Dungeon Overview and Level Annotations

Branches:
Dungeon (4/27)
 Temple: D:4-7

Altars:

Annotations:
D:4 Prince Ribbit; Sachiko's ghost, average TrMo


Innate Abilities, Weirdness & Mutations

You are too large for most types of armour.
You have claws for hands.
Your metabolism is lightning-fast.
You like to eat raw meat.
You heal very quickly.
You can eat rotten meat.
You are covered in fur (AC +1).
You have very tough skin (AC +2).


Message History

Level annotation: Sachiko's ghost, average TrMo
There is a stone staircase leading up here.
Found a stone staircase leading down.
Prince Ribbit comes into view.
Prince Ribbit gives a loud, deep croak!
Prince Ribbit catches a moth with his tongue.
Prince Ribbit sighs, "It's not easy being green!"
You hit Prince Ribbit.
Prince Ribbit begins to bleed from his wounds!
Prince Ribbit is lightly wounded.
Prince Ribbit hits you! Prince Ribbit hits you.
You miss Prince Ribbit.
Prince Ribbit is lightly wounded.
Prince Ribbit blinks!
Prince Ribbit hits you!
Something in your inventory has become rotten. (slot l)
You hit Prince Ribbit.
Prince Ribbit is lightly wounded.
Prince Ribbit hits you!
You die...

#### #..# #..# #..# #..#
#..# #. ###
#######F>##########.###..
.........@...........<.#.#
#######.............#.#.#
#.############....# #.#
.........< #.# ####...p#
##########.# ##.#.#
........<..# #...#
############ #.### #.####
#.#


You could see Prince Ribbit (bleeding).

Vanquished Creatures
  A jelly (D:3)
  Jessica (D:3)
  2 adders
  2 worms (D:2)
  2 giant geckos
  5 goblins
  7 hobgoblins
  A jackal (D:1)
  5 kobolds
  4 quokkas
  7 bats
  2 giant cockroaches
  2 giant newts
  A gnoll skeleton (D:4)
  A quokka skeleton (D:3)
  8 rats
51 creatures vanquished.

Notes
Turn   | Place    | Note
--------------------------------------------------------------
     0 | D:1      | Sachiko, the Troll Monk, began the quest for the Orb.
     0 | D:1      | Reached XP level 1. HP: 20/20 MP: 0/0
   384 | D:1      | Reached XP level 2. HP: 28/28 MP: 0/0
  1016 | D:2      | Reached XP level 3. HP: 31/35 MP: 1/1
  1476 | D:3      | Reached skill level 5 in Unarmed Combat
  1476 | D:3      | Reached XP level 4. HP: 36/44 MP: 1/1
  1828 | D:3      | Noticed Jessica
  1835 | D:3      | Killed Jessica
  2301 | D:4      | Noticed Sachiko's ghost (average TrMo)
  2387 | D:4      | Noticed Prince Ribbit
  2393 | D:4      | Slain by Prince Ribbit

Action                   |  1- 3 |  4- 6 || total
-------------------------+-------+-------++-------
Melee: Unarmed           |    73 |    49 ||   122
  Use: Scroll            |     8 |     5 ||    13
       Potion            |     4 |     2 ||     6
 Stab: Sleeping          |     1 |     1 ||     2
